Map: Seeds of Aiur

Players

Erfeyah - Winner!

  • Race: Terran Terran
  • Spawn Location: 7:00

VOD

Have the link to the VOD?

Description

Time

  • Played on: Nov. 27, 2017, 2:46 p.m.
  • Length: 26:08
Show
View Real Time Build Order
Export as new Build Order

Erfeyah Terran - Winner!

Build Orders:  

Get SALT Encoding   

  12  0:08  SCV  
  12  0:20  SCV  
  12  0:30  Supply Depot  
  12  0:32  SCV  
  12  0:38  Supply Depot  
  12  0:49  Supply Depot  
  12  0:52  SCV  
  12  1:04  SCV  
  12  1:07  Supply Depot  
  12  1:16  SCV  
  12  1:28  SCV  
  12  1:31  Supply Depot  
  12  1:40  SCV  
  12  1:53  SCV  
  12  2:05  SCV  
  12  2:17  SCV  
  12  2:32  SCV  
  12  2:44  SCV  
  12  2:59  SCV  
  12  3:11  SCV  
  12  3:23  SCV  
  12  3:35  SCV  
  12  3:47  SCV  
  12  4:00  SCV  
  12  4:12  SCV  
  12  4:24  SCV  
  12  4:36  SCV  
  12  5:03  SCV  
  12  5:15  SCV  
  12  5:27  SCV  
  12  5:40  SCV  
  12  6:03  SCV  
  12  6:16  SCV  
  12  6:28  SCV  
  12  6:40  SCV  
  12  6:52  SCV  
  12  7:04  SCV  
  12  7:33  SCV  
  12  7:46  SCV  
  12  7:58  SCV  
  12  8:10  SCV  
  12  8:23  SCV  
  12  8:35  SCV  
  12  8:47  SCV  
  12  8:59  SCV  
  12  9:11  SCV  
  12  9:23  SCV  
  12  9:36  SCV  
  12  9:58  Supply Depot  
  12  10:20  SCV  
  12  10:22  Supply Depot  
  12  10:27  Supply Depot  
  12  10:32  SCV  
  12  10:44  SCV  
  12  10:50  Supply Depot  
  12  10:56  SCV  
  12  11:08  SCV  
  12  11:14  Supply Depot  
  12  11:23  SCV  
  12  11:37  Supply Depot x2  
  12  11:45  SCV  
  12  11:58  SCV  
  12  12:00  Supply Depot  
  12  12:10  SCV  
  12  12:22  SCV  
  12  12:23  Supply Depot  
  12  12:34  SCV  
  12  12:46  SCV, Supply Depot  
  12  12:59  SCV  
  12  13:10  Supply Depot  
  12  13:34  Supply Depot  
  12  13:37  Command Center  
  12  13:43  SCV  
  12  14:03  SCV  
  12  14:15  SCV  
  12  14:27  SCV  
  12  14:39  SCV  
  12  14:53  SCV  
  12  15:05  SCV  
  12  15:17  SCV  
  12  15:29  SCV  
  12  15:43  Supply Depot  
  12  15:52  SCV  
  12  16:09  SCV  
  12  16:21  SCV  
  12  16:34  SCV  
  12  16:47  SCV  
  12  16:59  SCV  
  12  17:11  SCV  
  12  17:23  SCV  
  12  17:35  SCV  
  12  17:47  SCV  
  12  17:59  SCV  
  12  18:12  SCV  
  12  18:24  SCV  
  12  18:37  SCV  
  12  18:49  SCV  
  12  19:01  SCV  
  12  19:13  SCV  
  12  19:25  SCV  
  12  19:41  Barracks  
  12  19:43  SCV  
  12  19:55  SCV  
  12  20:08  SCV  
  12  20:20  SCV  
  12  20:28  Marine  
  12  20:32  SCV  
  12  20:44  SCV  
  12  20:46  Marine  
  12  20:57  SCV  
  12  21:03  Marine  
  12  21:09  SCV  
  12  21:21  SCV, Marine  
  12  21:34  SCV  
  12  21:44  Marine  
  12  21:46  SCV  
  12  21:58  SCV  
  12  22:02  Marine  
  12  22:10  SCV  
  12  22:20  Marine  
  12  22:23  SCV  
  12  22:37  SCV, Marine  
  12  22:53  SCV  
  12  22:55  Marine  
  12  23:05  SCV  
  12  23:13  Marine  
  12  23:17  SCV  
  12  23:31  SCV, Marine  
  12  23:48  SCV  
  12  23:49  Marine  
  12  24:00  SCV  
  12  24:07  Marine  
  12  24:14  SCV  
  12  24:25  Marine  
  12  24:26  SCV  
  12  24:38  SCV  
  12  24:43  Marine  
  12  24:50  SCV  
  12  25:09  SCV  
  12  25:26  SCV, Marine  
  12  25:39  SCV  
  12  25:44  Marine  
Tags
 
Add a new tag
Caveats
  • Supply blocks, unpowered buildings, or Contaminate may cause inaccurate times.
  • Supply counts are checked every 10 seconds.